 Dungeon Crawl Stone Soup version 0.31.0-11-ge490571c62 (webtiles) character file.

Game seed: 18307206800706831954

10 browni3141 the Conjurer (level 2, 19/19 HPs)
             Began as a Demonspawn Conjurer on Jan 30, 2024.
             Got out of the dungeon alive.
             The game lasted 00:00:16 (172 turns).

browni3141 the Conjurer (Demonspawn Conjurer)        Turns: 172, Time: 00:00:16

Health: 19/19      AC:  2    Str:  7    XL:     2   Next: 10%
Magic:  2/5        EV: 12    Int: 18    God:
Gold:   0          SH:  0    Dex: 11    Spells: 4/5 levels left

rFire   . . .        c - +0 whip
rCold   . . .        (no shield)
rNeg    . . .        a - +0 robe
rPois   .            (no helmet)
rElec   .            (no cloak)
rCorr   .            (no gloves)
SInv    .            (no boots)
Will    .....        (no amulet)
Stlth   ++           (no ring)
HPRegen 0.23/turn    (no ring)
MPRegen 0.09/turn

%: no passive effects
@: no status effects
A: foul stench 1
a: no special abilities


You escaped.
You visited 1 branch of the dungeon, and saw 1 of its levels.

Inventory:

Hand Weapons
 c - a +0 whip (weapon)
Armour
 a - a +0 robe (worn)
Potions
 b - a potion of magic


   Skills:
 + Level 2.0 Dodging
 + Level 2.0 Stealth
 + Level 2.1 Spellcasting
 + Level 4.1 Conjurations


You had 4 spell levels left.
You knew the following spells:

 Your Spells              Type           Power      Damage    Failure   Level
a - Magic Dart            Conj           64%        1d6       3%          1

Your spell library contained the following spells:

 Spells                   Type           Power      Damage    Failure   Level
 Searing Ray              Conj           32%        2d5       4%          2
 Fulminant Prism          Conj/Alch      4%         3d5       58%         4
 Iskenderun's Mystic Bla  Conj/Tloc      9%         2d4       58%         4


Dungeon Overview and Level Annotations

Branches:
Dungeon (1/15)

Altars:


Innate Abilities, Weirdness & Mutations

You may rarely emit foul miasma when damaged in melee.


Message History

Welcome, browni3141 the Demonspawn Conjurer.
Will you prevail where others failed? Will you find the Orb of Zot?
Press ? for a list of commands and other information.
Found a staircase leading out of the dungeon.
Setting a skill training target for Axes at 18.0.
Setting a skill training target for Invocations at 14.0.
Setting a skill training target for Throwing at 11.0.
A hobgoblin comes into view.
A hobgoblin is nearby!
A hobgoblin is nearby!
The magic dart hits the hobgoblin.
The hobgoblin is almost dead.
The hobgoblin shouts!
The magic dart hits the hobgoblin.
You kill the hobgoblin!
You can't see any susceptible monsters within range! (Use Z to cast anyway.) Magic restored.
You see here a hobgoblin corpse.
A quokka comes into view.
A quokka is nearby!
A quokka is nearby!
A quokka is nearby!
The magic dart hits the quokka.
The quokka is heavily wounded.
The magic dart hits the quokka.
The quokka is almost dead.
The magic dart hits the quokka.
You kill the quokka!
Found a stone staircase leading down.
A kobold and a quokka come into view.
There are monsters nearby!
The magic dart hits the quokka.
The quokka is severely wounded.
The magic dart hits the quokka.
You kill the quokka!
The magic dart hits the kobold.
You kill the kobold!
A dart slug and a goblin come into view.
There are monsters nearby!
The magic dart hits the dart slug.
The dart slug is lightly wounded.
The magic dart hits the dart slug.
The dart slug is heavily wounded.
The magic dart hits the dart slug.
The dart slug is heavily wounded.
The goblin shouts!
You are out of magic!
A ball python comes into view.
The ball python hisses angrily.
You see here a +0 whip.
c - a +0 whip (weapon)
The dart slug attacks as it pursues you!
The dart slug closely misses you.
You hit the dart slug.
The dart slug is almost dead.
You hit the dart slug.
You kill the dart slug!
Your Dodging skill increases to level 2!
Your Stealth skill increases to level 2!
You closely miss the goblin. The goblin hits you with a +0 dagger.
The goblin barely misses you.
You barely miss the goblin. The goblin hits you but does no damage.
You hit the goblin. You punch the goblin.
You kill the goblin!
You have reached level 2!
Your demonic ancestry asserts itself...
You begin to emit a foul stench of rot and decay.
You hit the ball python.
You kill the ball python!
No target in view!
No target in view!
There is a stone staircase leading down here.
You enter the shallow water.
Moving in this stuff is going to be slow.
There is a staircase leading out of the dungeon here.
You have escaped!

.# #.# ######.#####
#≈≈≈≈♣~♣≈≈≈# #≈..♣...P.≈#
#≈.♣♣♣.PPP≈# #≈..♣...P.≈#
####♣♣.......♣###
#........@.......
#.##♣♣.......♣###
########†##≈..P...P.≈#
..........#≈.PPP.PPP≈# .#
#########.#≈..P...P.≈# .##
........#≈≈≈≈♣~♣≈≈≈# ..#
.######.######.##### .$# #
#..####...######..#.#..
#####..##.....>.........#.#


There were no monsters in sight!

Vanquished Creatures
  A dart slug (D:1)
  A ball python (D:1)
  A goblin (D:1)
  A hobgoblin (D:1)
  2 quokkas (D:1)
  A kobold (D:1)
7 creatures vanquished.

Notes
Turn   | Place    | Note
-------+----------+-------------------------------------------
     0 | D:1      | browni3141 the Demonspawn Conjurer began the quest for the
                  | Orb.
     0 | D:1      | Reached XP level 1. HP: 13/13 MP: 3/3
   161 | D:1      | Gained mutation: You may rarely emit foul miasma when
                  | damaged in melee. [demonic ancestry]
   161 | D:1      | Reached XP level 2. HP: 19/19 MP: 1/5
   172 | D:$      | Got out of the dungeon alive.

Illustrated notes

Levels and vault maps discovered:
D:1:      ldierk_walled_garden, layout_loops_ring,
          minmay_misc_feat_secret_circle, kennysheep_pointless_box

Skill      XL: |  1 |
---------------+----+-----
Dodging        | 2 |  2.0
Stealth        | 2 |  2.0
Spellcasting   | |  2.1
Conjurations   | |  4.1

Action                     || total
---------------------------++-------
  Melee: Whip              ||     6
         Punch             ||     1
   Cast: Magic Dart        ||    11
 Armour: Robe              ||     2
  Dodge: Dodged            ||     2
